[Event "GrandPrix_29.05"]
[Site "Chess.com"]
[Date "2020.05.29"]
[Round "1"]
[White "anesar92"]
[Black "bsnsun"]
[Result "1-0"]
[WhiteElo "2149"]
[BlackElo "1969"]
[TimeControl "600+2"]
[EndTime "9:24:40 PDT"]
[Termination "anesar92 won by checkmate"]

1. e4 c5 2. Nf3 d6 3. Nc3 Nf6 4. e5 dxe5 5. Nxe5 Qc7 6. d4 cxd4 7. Qxd4 Nc6 8. Nxc6 bxc6 9. Bf4 Qb6 10. O-O-O Qxd4 11.
Rxd4 e6 12. Ne4 Nxe4 13. Rxe4 Bc5 14. Bg3 Bd7 15. Ba6 O-O 16. Rd1 Bc8 17. Be2 Bb6 18. Bf3 Ba6 19. a4 Rac8 20. a5 Bc5 21. Re5 Bb4 22. c3 Be7 23. Rd7 Bf6 24. Rc5 Bb5 25. b3 Rfd8 26. Rxd8+ Bxd8 27. Bd6 Bxa5 28. c4 Bb6 29.
cxb5 Bxc5 30. Bxc5 cxb5 31. b4 a5 32. Kb2 axb4 33. Bxb4 f6 34. Be2 Kf7 35. Kb3 Rb8 36.
Bc5 g5 37. Kb4 h5 38. Bxh5+ Kg7 39. Be2 f5 40. Bxb5 g4 41. Kc4 Kf7 42. Bd4 Rc8+ 43. Kd3 Rd8 44. Ke3 Rb8 45. Bc4 Rc8 46.
Bd3 Rb8 47. h4 gxh3 48. gxh3 Rb4 49. h4 e5 50. Bxe5 Rxh4 51. Bxf5 Rh5 52. Ke4 Rh1 53. Bg4 Re1+ 54. Kf5 Rf1 55. f4 Rb1 56. Bh5+ Ke7 57. Bf6+ Kf8 58. Kg6 Rb5 59. f5 Rb6 60. Kg5 Rc6 61. Be5 Ke7 62. Bf3 Rc8 63. f6+ Ke8 64.
Kg6 Kf8 65. Bd6+ Kg8 66. f7+ Kh8 67. f8=Q+ Rxf8 68. Bxf8 Kg8 69. Bh6 Kh8 70. Bg7+ Kg8 71.
Bd5# 1-0

[Event "GrandPrix_29.05"]
[Site "Chess.com"]
[Date "2020.05.29"]
[Round "1"]
[White "Inkalubo"]
[Black "LuckyLuka04"]
[Result "1/2-1/2"]
[WhiteElo "1718"]
[BlackElo "2232"]
[TimeControl "600+2"]
[EndTime "9:24:41 PDT"]
[Termination "Game drawn by agreement"]

1. Nf3 Nf6 2. g3 b5 3. Bg2 Bb7 4. O-O e6 5. b3 c5 6. c4 a6 7. e3 Be7 8. Nc3 b4 9. Na4 d6 10.
d4 Nbd7 11. Bb2 Qc7 12. Qe2 O-O 13. Rfd1 Rfd8 14. Rac1 Rac8 15. dxc5 dxc5 16. h3 Bc6 17. Ne1 Bxa4 18. bxa4 Nb6 19. Qc2 Rxd1 20. Rxd1 Rd8 21.
a5 Rxd1 22. Qxd1 Nxc4 23. Bxf6 Bxf6 24. Qd3 Nxa5 25. Qxa6 g6 26. Nd3 Bc3 27. Qb5 c4 28. Nxb4 Bxb4 29. Qxb4 Qe5 30. Bf1 c3 31. Bd3 Nc6 32.
Qc4 Ne7 33. a4 Qa5 34. e4 Qe5 35. h4 h6 36. Kf1 g5 37. hxg5 hxg5 38. Qb5 Qc7 39.
Qxg5+ Ng6 40. Qc1 Ne5 41. Bc2 Qc4+ 42. Kg2 Qd4 43. Qg5+ Kf8 44. Qh6+ Ke8 45. a5 Nd3 46. Kf1 Nb4 47. Ba4+ Kd8 48. Qf8+ Kc7 49. Qe7+ Kb8 50. Qf8+ Ka7 51. Qxf7+ Kb8 52. Qe8+ Ka7 53. Qe7+ Kb8 54. Qe8+ Ka7 55. Qe7+ Kb8 1/2-1/2

[Event "GrandPrix_29.05"]
[Site "Chess.com"]
[Date "2020.05.29"]
[Round "1"]
[White "Olga_Girya"]
[Black "faraone99"]
[Result "0-1"]
[WhiteElo "2012"]
[BlackElo "2096"]
[TimeControl "600+2"]
[EndTime "9:24:42 PDT"]
[Termination "faraone99 won on time"]

1. d4 Nf6 2. c4 e6 3. Nf3 b6 4. g3 Ba6 5. b3 Bb4+ 6. Bd2 Be7 7.
Nc3 d5 8. cxd5 exd5 9. Bg2 O-O 10.
O-O Nbd7 11. Ne5 Bb7 12. Bc1 Bd6 13. f4 a6 14. Bb2 Re8 15. e3 Qe7 16. g4 Ne4 17.
Nxe4 dxe4 18. Qc2 f6 19. Qc4+ Kf8 20. g5 b5 21. Qe2 fxg5 22. fxg5+ Kg8 23. Rf7 Qe6 24.
d5 Qxe5 25. Bxe5 Nxe5 26. Rff1 Bxd5 27. Rad1 Bb7 28. Qc2 Nf3+ 29. Kh1 Re7 30. Rf2 Rf8 31. Rdf1 Ref7 32. Bh3 Nxg5 33. Rxf7 Rxf7 34. Rxf7 Kxf7 35. Qf2+ Nf3 36. Bg4 g6 37. Bxf3 exf3 38. Kg1 g5 39. Qc2 Kg7 40. Qf5 h6 41. e4 Bf4 42. Kf2 Bxh2 43. Kxf3 Bd6 44. Ke2 Be7 45. Qd7 Kf8 46. e5 g4 47. Qxc7 Bf3+ 48. Kf2 Bh4+ 49. Kg1 Bg5 50.
Qc8+ Kg7 51. Qd7+ Kg6 52. Qe6+ Kh5 53. Qe8+ Kh4 54. e6 g3 55. Kf1 g2+ 56. Kf2 Be4 57.
Qg8 Kh3 58. e7 Kh2 0-1

[Event "GrandPrix_29.05"]
[Site "Chess.com"]
[Date "2020.05.29"]
[Round "1"]
[White "SipkeErnst"]
[Black "Keks2017"]
[Result "0-1"]
[WhiteElo "1961"]
[BlackElo "2447"]
[TimeControl "600+2"]
[EndTime "9:24:42 PDT"]
[Termination "Keks2017 won on time"]

1. d4 d6 2. Nf3 Nf6 3. c4 Nbd7 4. Nc3 e5 5. g3 g6 6. Bg2 Bg7 7. O-O O-O 8. e4 exd4 9. Nxd4 Re8 10. h3 a6 11. b3 Rb8 12. Re1 c5 13. Nc2 Ne5 14. Be3 Nc6 15. Bf4 Nh5 16. Bd2 b5 17.
Nd5 bxc4 18. bxc4 Be6 19. g4 Nf6 20. Bg5 Bxd5 21. cxd5 Nb4 22. Nxb4 Rxb4 23. a3 Rb8 24. Qa4 h6 25. Bh4 Qd7 26. Qxa6 Nxe4 27. Rac1 Nc3 28.
Bg3 Red8 29. Re3 Nb5 30. Rce1 Bf8 31. Qc6 Qa7 32. Bf1 Nd4 33. Qa6 Qxa6 34. Bxa6 Nc2 35. a4 Nxe3 36. Rxe3 Rb1+ 37. Kg2 Rdb8 38. Bb5 Rc8 39. Re4 c4 40. Bc6 c3 41. Rc4 Rc1 42. Bf4 Rc2 43. Be3 Rb8 44. a5 Ra2 45. Bb6 Bg7 46.
Ba4 Be5 47. Bb3 Rb2 48. Ba4 R2xb6 49. axb6 Rxb6 50. Rc7 Rb8 51. Kf3 Kg7 52. Ke4 Rb4+ 0-1

[Event "GrandPrix_29.05"]
[Site "Chess.com"]
[Date "2020.05.29"]
[Round "1"]
[White "esskeettit"]
[Black "Bulldog167"]
[Result "1/2-1/2"]
[WhiteElo "2215"]
[BlackElo "2508"]
[TimeControl "600+2"]
[EndTime "9:24:44 PDT"]
[Termination "Game drawn by repetition"]

1. d4 Nf6 2. c4 e6 3. Nc3 d5 4. cxd5 Nxd5 5. e4 Nxc3 6. bxc3 c5 7. Nf3 cxd4 8. cxd4 Bb4+ 9. Bd2 Bxd2+ 10. Qxd2 O-O 11.
Be2 b6 12. O-O Bb7 13. Qe3 Nc6 14. Rfd1 Qe7 15. Rac1 Rac8 16. h3 Rfd8 17. Bd3 h6 18.
Bb1 Qd6 19. Rd2 Na5 20. Rdc2 Rxc2 21. Rxc2 Qb4 22. Qc1 Nc6 23. Rc4 Qd6 24. Qc2 e5 25.
d5 Ne7 26. Rc7 Rc8 27. Rxc8+ Bxc8 28. Qa4 Ng6 29. Qxa7 Qb4 30. Bd3 Qc3 31. Bf1 Bxh3 32. Qxb6 Bg4 33. Qb3 Qc1 34. Nxe5 Be2 35. Qb8+ Kh7 36.
Nxg6 Qxf1+ 37. Kh2 fxg6 38. d6 Bg4 39. Qc7 Qxf2 40. d7 Qh4+ 41. Kg1 Qe1+ 42. Kh2 Qh4+ 43. Kg1 Bxd7 44. Qxd7 Qxe4 45. a4 h5 46. Qb5 Qe1+ 47.
Kh2 Qh4+ 48. Kg1 Qd4+ 49. Kh1 h4 50. a5 Qd1+ 51. Kh2 Qd6+ 52. Kh1 Qd1+ 53. Kh2 Qd6+ 54. Kh1 Qd1+ 1/2-1/2

[Event "GrandPrix_29.05"]
[Site "Chess.com"]
[Date "2020.05.29"]
[Round "1"]
[White "Zakaryan_David"]
[Black "Spartakus1975"]
[Result "0-1"]
[WhiteElo "1174"]
[BlackElo "2212"]
[TimeControl "600+2"]
[EndTime "9:24:44 PDT"]
[Termination "Spartakus1975 won by resignation"]

1. e4 e6 2. d4 d5 3. Nd2 c5 4.
exd5 exd5 5. Ngf3 Nc6 6. Bb5 cxd4 7. Nxd4 Bd7 8. N2f3 Bd6 9. O-O Nge7 10. Bg5 O-O 11. Re1 Re8 12. c3 Qc7 13. Bd3 Nxd4 14.
cxd4 Ng6 15. h3 Qb6 16. Rxe8+ Rxe8 17. Qb3 Qxb3 18. axb3 a6 19. Kf1 Nf4 20. Bxf4 Bxf4 21. Ra5 Bc6 22. Rc5 Bd6 23. Rc2 Bd7 24. Ne5 Be6 25. Ng4 Kf8 26. Ne3 g6 27. Be2 Bb8 28.
Bf3 Rd8 29. Nxd5 Bxd5 30. Bxd5 Rxd5 31. Rc8+ Ke7 32. Rxb8 Rb5 33. Rc8 Rxb3 34. Rc2 Kd6 35. Ke2 Kd5 36. Kd2 Kxd4 37. Kc1 Ke5 38. Rc7 Ke6 39.
Kc2 Rb6 40. Kb1 h5 41. h4 f6 42. g3 Rb4 43. Ka2 Kf5 44. Ka3 Rb5 45. Rf7 Rb6 46.
b4 Kg4 47. Rg7 f5 48. Rc7 Kf3 49. Rc2 Re6 50. Ka4 Re2 51. Rc7 b5+ 52. Ka5 Ra2+ 53.
Kb6 Kxf2 54. Rc3 Rb2 55. Kc5 Kg2 56. Ra3 Rc2+ 57. Kd5 Rc4 58. Rxa6 Kxg3 59. Rxg6+ Kxh4 60. Rg1 Rxb4 61. Ke5 Rg4 62. Rh1+ Kg5 0-1

[Event "GrandPrix_29.05"]
[Site "Chess.com"]
[Date "2020.05.29"]
[Round "1"]
[White "Robert_Chessmood"]
[Black "Warerman"]
[Result "1/2-1/2"]
[WhiteElo "1958"]
[BlackElo "2192"]
[TimeControl "600+2"]
[EndTime "9:24:46 PDT"]
[Termination "Game drawn by repetition"]

1. e4 c5 2. Nf3 Nc6 3. Nc3 e5 4. Bc4 d6 5. d3 Be7 6. Nd5 Nf6 7. c3 O-O 8. a3 Be6 9. b4 a6 10. Nxf6+ Bxf6 11. Bxe6 fxe6 12. Be3 b6 13. O-O Qe7 14. bxc5 bxc5 15. Rb1 Qc7 16. Qb3 Rfe8 17. Qb6 Bd8 18. Qxc7 Bxc7 19. Rfc1 Rab8 20. Kf1 h6 21. Ke2 Rxb1 22.
Rxb1 Rb8 23. Rxb8+ Bxb8 24. Kd1 Kf7 25. Kc2 Bc7 26. g4 Ke8 27. h4 Bd8 28. h5 Kd7 29. Bd2 Be7 30. Kb3 Bd8 31. Ng1 d5 32. f3 c4+ 33.
Kc2 cxd3+ 34. Kxd3 Na5 35. Ne2 Nc4 36. Bc1 Be7 37.
a4 Kc6 38. Ng3 Nb6 39. exd5+ Kxd5 40. Ne4 Nxa4 41. c4+ Kc6 42. Kc2 Nc5 43. Ba3 Bf8 44.
Bxc5 Bxc5 45. g5 Be3 46. g6 a5 47. Kb3 Kb6 48. Ka4 Bd4 49. Ka3 Kc6 50. Kb3 Kb6 51.
Nd6 Kc6 52. Ne4 Kb6 53. Ka2 Kc6 54. Kb1 Kb6 55. Kc2 Kc6 56. Kb3 1/2-1/2

[Event "GrandPrix_29.05"]
[Site "Chess.com"]
[Date "2020.05.29"]
[Round "1"]
[White "Gareth-Bale11"]
[Black "klippfiskkjerringa"]
[Result "1/2-1/2"]
[WhiteElo "2279"]
[BlackElo "2121"]
[TimeControl "600+2"]
[EndTime "9:24:48 PDT"]
[Termination "Game drawn - insufficient material"]

1. d4 Nf6 2. c4 c5 3. d5 b5 4.
cxb5 a6 5. bxa6 g6 6. Nc3 Bg7 7. Nf3 O-O 8. e4 Qa5 9. Nd2 Bxa6 10. Be2 d6 11. O-O Nfd7 12. Bxa6 Nxa6 13. Nc4 Qb4 14. Qd3 Nb6 15. Nxb6 Qxb6 16. Rb1 Qb4 17.
Bd2 Qb6 18. Na4 Qb7 19. a3 Rfb8 20. b4 Qd7 21. b5 Nc7 22. b6 Rxa4 23. bxc7 Qxc7 24.
Rxb8+ Qxb8 25. Rb1 Qa8 26. Bc1 c4 27. Qc2 h5 28. h4 Bd4 29. g3 Kh7 30. Kg2 Bg7 31. Bg5 f6 32. Be3 c3 33. Rb4 Rxa3 34. Bd4 f5 35.
Bxg7 Kxg7 36. Rc4 Kh7 37. Rc7 Qd8 38. Rxc3 Rxc3 39. Qxc3 fxe4 40. Qd4 Qf8 41. Qxe4 Qf6 42. f3 Kg7 43. Kh3 Kf7 44. g4 hxg4+ 45. Kxg4 e5 46.
dxe6+ Qxe6+ 47. Kf4 d5 48. Qb4 Qf5+ 49. Ke3 Qe5+ 50.
Kd3 Ke6 51. Qb6+ Kf5 52. Qb7 Kf4 53. Qf7+ Qf5+ 54. Qxf5+ Kxf5 55. Kd4 Kf4 56. Kxd5 Kxf3 57. Ke5 Kg4 58. Kf6 Kh5 59. Kg7 Kxh4 60. Kxg6 1/2-1/2

[Event "GrandPrix_29.05"]
[Site "Chess.com"]
[Date "2020.05.29"]
[Round "1"]
[White "GadimbayliA"]
[Black "kayrakamer"]
[Result "1-0"]
[WhiteElo "2531"]
[BlackElo "2122"]
[TimeControl "600+2"]
[EndTime "9:24:53 PDT"]
[Termination "GadimbayliA won by resignation"]

1. e4 c5 2. Nf3 e6 3. d4 cxd4 4. Nxd4 a6 5. Bd3 Bc5 6. Nb3 Be7 7.
Qg4 g6 8. Qe2 d6 9. O-O Nd7 10.
Na3 b6 11. Nc4 Bb7 12. a4 Ngf6 13. Bh6 d5 14. exd5 Nxd5 15. Rad1 Qc7 16. a5 b5 17. Nb6 N7xb6 18. axb6 Qxb6 19. c4 bxc4 20. Bxc4 Rd8 21. Rfe1 Bf8 22. Qe5 Rg8 23. Bg5 Be7 24. Bxd5 Rxd5 25.
Rxd5 Bxd5 26. Bxe7 Bxb3 27. Ba3 Kd7 28. Qf6 Kc8 29.
Rc1+ Kb8 30. Bc5 Rc8 31. Qc3 Rxc5 32. Qxc5 Qxc5 33. Rxc5 Kb7 34. f3 Bd5 35. Kf2 Kb6 36. Rc8 Kb5 37. Ke3 Kb4 38. Kd4 a5 39. Rb8+ Ka4 40.
Ke5 f5 41. Kd4 g5 42. Rb6 h5 43. Kc3 g4 44. b3+ Ka3 45. Ra6 Ka2 46. Rxa5+ Kb1 47. Rxd5 exd5 48. b4 h4 49. h3 Kc1 50.
b5 Kd1 51. b6 Ke2 52. fxg4 Ke3 53. b7 d4+ 54. Kc2 Ke2 55. b8=Q d3+ 56. Kc3 d2 57.
Qe5+ Kf1 58. Qxf5+ 1-0

[Event "GrandPrix_29.05"]
[Site "Chess.com"]
[Date "2020.05.29"]
[Round "1"]
[White "Sanan_Sjugirov"]
[Black "Dedic8"]
[Result "1-0"]
[WhiteElo "2862"]
[BlackElo "2181"]
[TimeControl "600+2"]
[EndTime "9:24:55 PDT"]
[Termination "Sanan_Sjugirov won by resignation"]

1. d4 Nf6 2. c4 g6 3. Nc3 d5 4. cxd5 Nxd5 5. e4 Nxc3 6. bxc3 Bg7 7. Nf3 c5 8. Be3 Qa5 9. Qd2 O-O 10. Rc1 Nd7 11.
Bd3 e5 12. d5 f5 13. Bh6 fxe4 14. Bxe4 Nf6 15. Bxg7 Kxg7 16. Qc2 c4 17. O-O Nxd5 18.
Nxe5 Ne3 19. fxe3 Rxf1+ 20. Rxf1 Qxe5 21. Qf2 Be6 22. Bxb7 Rb8 23. e4 Rd8 24. Bd5 Bxd5 25. exd5 a5 26. Qa7+ Kh6 27. Qxa5 Rxd5 28. Qb4 Qe3+ 29.
Kh1 Rf5 30. Rg1 Qe2 31. Qb1 Rf2 32. a4 Qd2 33. Qe4 Rf4 34. Qe5 Rf5 35. Qg3 Rg5 36. Qh4+ Kg7 37. Qh3 Rh5 38. Qg3 Rg5 39. Qf3 Rf5 40.
Qb7+ Kh6 41. Qb4 Rf2 42. Qe7 Kh5 43. Qe5+ Kh6 44. Qg3 Rf5 45. Qh4+ Rh5 46. Qxc4 Rg5 47. Qh4+ Kg7 48. Qd4+ Qxd4 49. cxd4 Rd5 50. Ra1 Rxd4 51. a5 Rd7 52. a6 Ra7 53. Kg1 Kf6 54. Kf2 Ke5 55. Ke3 1-0

[Event "GrandPrix_29.05"]
[Site "Chess.com"]
[Date "2020.05.29"]
[Round "1"]
[White "JonahWillow"]
[Black "grunbergmihai"]
[Result "1-0"]
[WhiteElo "2268"]
[BlackElo "1486"]
[TimeControl "600+2"]
[EndTime "9:25:00 PDT"]
[Termination "JonahWillow won by resignation"]

1. e4 Nf6 2. Nc3 d5 3. e5 Nfd7 4. e6 fxe6 5. d4 c5 6. dxc5 Nc6 7. Nf3 Nxc5 8. Bb5 Qd6 9. Qd4 Nd7 10. Bxc6 bxc6 11.
Bf4 c5 12. Qd2 e5 13. Bg3 Bb7 14. Qe2 Ba6 15. Nb5 Qb6 16. Nc7+ Qxc7 17. Qxa6 Qb6 18. Qxb6 axb6 19. Nxe5 Nxe5 20. Bxe5 e6 21. O-O Kd7 22. Rfe1 Rg8 23. Re3 Bd6 24. a3 g6 25. Rae1 Bxe5 26.
Rxe5 Rge8 27. h4 Re7 28. h5 Rf8 29. hxg6 hxg6 30. Rg5 Rf6 31. Re3 Ref7 32. f3 Kd6 33. Kf2 Re7 34. Rb3 Kc6 35. Re3 d4 36. Re4 Kd6 37.
Reg4 Rg7 38. Re4 Rf5 39. Rgg4 e5 40. Rh4 c4 41. Rh8 g5 42. Rc8 Kd5 43. Rd8+ Kc5 44.
Rc8+ Kd5 45. Rd8+ Kc5 46. g4 Rf4 47. Rxe5+ Kc6 48. Re4 Rxe4 49. fxe4 Rf7+ 50. Kg3 Rd7 51. Rxd7 Kxd7 52. Kf3 b5 53. e5 Ke6 54. Ke4 d3 55.
cxd3 cxd3 56. Kxd3 Kxe5 57. b3 Kf4 58. a4 bxa4 59.
bxa4 Kxg4 60. a5 Kh3 61. a6 g4 62. a7 g3 63. a8=Q g2 64. Qh8+ Kg3 65. Qg7+ Kh2 66. Qh6+ Kg1 67. Qg5 Kh1 68. Qh4+ 1-0

[Event "GrandPrix_29.05"]
[Site "Chess.com"]
[Date "2020.05.29"]
[Round "1"]
[White "GeorgMeier"]
[Black "Gordima"]
[Result "1-0"]
[WhiteElo "2634"]
[BlackElo "2163"]
[TimeControl "600+2"]
[EndTime "9:25:03 PDT"]
[Termination "GeorgMeier won by resignation"]

1. Nf3 Nf6 2. g3 b6 3. Bg2 Bb7 4. O-O g6 5. d4 Bg7 6. c4 O-O 7.
d5 Ne4 8. Qc2 f5 9. Rd1 Na6 10.
Ng5 Nd6 11. Na3 Nc5 12. Be3 a5 13. Rac1 Bf6 14. Nf3 Rb8 15. Nb5 Ba6 16. Nfd4 Rc8 17. b3 Nce4 18. Nxd6 Nxd6 19. c5 bxc5 20. Qxc5 Nb7 21. Qc2 Nd6 22. a4 Bg7 23. Qd2 Ra8 24.
Bh6 Bxh6 25. Qxh6 Qb8 26. Qe3 Rf7 27. Rc5 Ra7 28. Rdc1 Qb6 29. Qc3 Ne4 30. Bxe4 fxe4 31. Qe3 Qb4 32. Nb5 Bxb5 33. Rxb5 Qa3 34. Rb8+ Kg7 35.
Qd4+ Rf6 36. Rc2 Ra6 37. Qxe4 Qa1+ 38. Kg2 Rf7 39. f3 Qd1 40. Qd3 Qxd3 41. exd3 Rd6 42. Rb5 c6 43. Rxa5 cxd5 44. Rb5 Ra6 45. Rxd5 d6 46. Rb5 Rf8 47. f4 Kf6 48. d4 h6 49.
h4 Rfa8 50. Kf3 R8a7 51. Ke4 Ra8 52. g4 h5 53. g5+ Kf7 54. Rc7 Ke6 55. d5+ Kf7 56.
Rbb7 Re8 57. f5 gxf5+ 58. Kxf5 Ra5 59. Ke4 Kf8 60. Kd4 e5+ 61. dxe6 Rxe6 62. Rc8+ Re8 63. Rxe8+ Kxe8 64. Rb5 1-0

[Event "GrandPrix_29.05"]
[Site "Chess.com"]
[Date "2020.05.29"]
[Round "1"]
[White "PeshkaTheGreat"]
[Black "Elshadchess"]
[Result "1-0"]
[WhiteElo "2231"]
[BlackElo "1198"]
[TimeControl "600+2"]
[EndTime "9:25:03 PDT"]
[Termination "PeshkaTheGreat won by resignation"]

1. e4 d5 2. exd5 Nf6 3. Bb5+ Bd7 4.
Be2 Nxd5 5. Nf3 c5 6. O-O Nf4 7.
Bc4 e6 8. d4 Qc7 9. Ne5 Ng6 10.
Nxd7 Nxd7 11. d5 e5 12. Nc3 a6 13. a4 Bd6 14. Ne4 O-O 15. Qh5 f5 16. Ng5 Nf6 17. Qh3 Qd7 18. Ne6 b5 19. Nxf8 Rxf8 20. axb5 axb5 21. Be2 Nxd5 22. Rd1 Ndf4 23. Bxf4 Nxf4 24. Qe3 Qc6 25. Bf1 c4 26. g3 Rf6 27.
Qa7 Rf8 28. gxf4 Bc5 29. Bg2 e4 30. Qd7 Qb6 31. Rf1 h6 32. Kh1 Bxf2 33. Qd5+ Kh8 34. b3 e3 35. Qf3 cxb3 36. cxb3 Rd8 37. Ra8 Kh7 38. Rxd8 Qxd8 39. Bh3 Qd3 40. Rd1 Qc2 41. Qd5 Qe4+ 42. Qxe4 fxe4 43. Bf1 Kg6 44. Bxb5 Kf5 45. Be2 Kxf4 46. b4 Bh4 47. b5 Be7 48. b6 Bf6 49.
Rf1+ Ke5 50. Rxf6 gxf6 51. b7 f5 52. b8=Q+ Kd4 53. Qf4 h5 54. Qxf5 Kc3 55. Qxe4 Kd2 56. Qd3+ Kc1 57. Qc3+ Kb1 58. Bd3+ Ka2 59. Bc2 1-0

[Event "GrandPrix_29.05"]
[Site "Chess.com"]
[Date "2020.05.29"]
[Round "1"]
[White "Kopytkin"]
[Black "Yuri202062"]
[Result "1/2-1/2"]
[WhiteElo "2148"]
[BlackElo "2343"]
[TimeControl "600+2"]
[EndTime "9:25:06 PDT"]
[Termination "Game drawn - insufficient material"]

1. e4 c5 2. c3 Nf6 3. e5 Nd5 4.
Nf3 Nc6 5. d4 cxd4 6. cxd4 d6 7.
Bc4 Nb6 8. Bb3 dxe5 9. Nxe5 Nxe5 10. dxe5 Qxd1+ 11. Bxd1 Bf5 12. O-O e6 13. Be3 Be7 14. Nc3 Nc4 15. Ba4+ Kf8 16. Rad1 Nxb2 17. Rd7 Nxa4 18. Nxa4 Be4 19. Bc5 Bxc5 20. Nxc5 Bc6 21. Rc7 h5 22. Rd1 h4 23. Nxb7 Bxb7 24. Rxb7 Rh5 25.
Rdd7 Rf5 26. Rxa7 Rxa7 27. Rxa7 Rxe5 28. Kf1 g5 29. h3 Rb5 30. a4 Rb1+ 31. Ke2 Kg7 32. a5 Rb2+ 33. Ke3 Kg6 34. a6 Ra2 35. Ra8 Kf5 36. Ra7 f6 37. Ra8 Ra3+ 38. Ke2 Kf4 39. a7 f5 40. Re8 Rxa7 41. Rxe6 Ra2+ 42. Kf1 g4 43. Rh6 Kg5 44. Rh8 g3 45. fxg3 hxg3 46. Rb8 f4 47. Rb1 Rf2+ 48. Kg1 f3 49. gxf3 Kh4 50. Rb8 Rxf3 51. Rh8+ Kg5 52. Kg2 Ra3 53. Rg8+ Kf6 54. Rxg3 Rxg3+ 55. Kxg3 Kg5 56. h4+ Kh5 57. Kh3 Kh6 58. Kg4 Kh7 59. h5 Kh8 60. Kg5 Kh7 61. h6 Kh8 62. Kg6 Kg8 63. Kf6 Kh7 64. Ke5 Kxh6 1/2-1/2

[Event "GrandPrix_29.05"]
[Site "Chess.com"]
[Date "2020.05.29"]
[Round "1"]
[White "ALeks_Ivlev"]
[Black "ninullia"]
[Result "0-1"]
[WhiteElo "1643"]
[BlackElo "2335"]
[TimeControl "600+2"]
[EndTime "9:25:06 PDT"]
[Termination "ninullia won by resignation"]

1. d4 Nf6 2. c4 e6 3. Nf3 d5 4. g3 Bb4+ 5. Nbd2 Bd6 6. Bg2 O-O 7. O-O c6 8. Qc2 Nbd7 9. e4 dxe4 10. Nxe4 Nxe4 11. Qxe4 Nf6 12. Qe2 h6 13. Rd1 Re8 14. Ne5 Qe7 15. Bf4 Bd7 16. c5 Bb8 17. b4 Nd5 18.
Bd2 Bxe5 19. Qxe5 Qf6 20. a4 Red8 21. Rab1 a6 22. h4 Be8 23. Be1 Qxe5 24. dxe5 f6 25.
exf6 gxf6 26. Bd2 Kg7 27. Re1 Bg6 28. Rbc1 e5 29. f4 exf4 30. Bxd5 Rxd5 31. Bxf4 Re8 32.
Rxe8 Bxe8 33. Re1 Bd7 34. Re7+ Kg6 35. Bd6 Bc8 36. Rc7 Bf5 37. Rxb7 Be4 38. Kf2 Kf5 39. Rb6 Rd2+ 40. Ke3 Rd3+ 41. Ke2 Ra3 42. a5 Bd3+ 43. Kd2 Bb5 44. Rb7 Ke4 45. Bf4 Kd4 46. Rd7+ Kc4 47. Rd6 Kxb4 48. Rxf6 Rd3+ 49. Ke1 h5 50. Rf5 Rd5 51.
Rxd5 cxd5 52. Bd6 Kxa5 53. Kd2 d4 54. g4 hxg4 55. h5 Be8 56. h6 Bg6 57. Be5 d3 58.
Kc3 Kb5 59. Bd6 Kc6 60. Kd2 a5 61. Kc3 Kd5 62. Kd2 a4 63. Kc3 Kc6 64. Kd2 a3 65.
Be5 a2 66. Ba1 g3 67. Ke3 g2 0-1

[Event "GrandPrix_29.05"]
[Site "Chess.com"]
[Date "2020.05.29"]
[Round "1"]
[White "jacky72"]
[Black "Malysch"]
[Result "0-1"]
[WhiteElo "1196"]
[BlackElo "2224"]
[TimeControl "600+2"]
[EndTime "9:25:07 PDT"]
[Termination "Malysch won by checkmate"]

1. d4 Nf6 2. c4 c5 3. d5 b5 4.
Qc2 bxc4 5. e4 g6 6. Bxc4 d6 7. Nc3 Bg7 8. Nf3 O-O 9. O-O Ba6 10. Nd2 Qa5 11. Re1 Nfd7 12. Nb3 Qb4 13. Be2 c4 14.
Nd2 Ne5 15. Rb1 Nbd7 16. Qa4 Qxa4 17. Nxa4 Rfc8 18. Nf3 Rab8 19. Nxe5 Nxe5 20. Be3 Nd3 21. Red1 Rb4 22. b3 Ne5 23. Bxa7 Ra8 24. a3 Rxb3 25.
Be3 Rxa3 26. Nb6 Rd8 27. Rdc1 Nd3 28. Bxd3 cxd3 29. Nc4 Ra4 30. Nd2 Bf6 31. f3 Ra8 32.
Kf2 Ra2 33. f4 Rc2 34. g4 Rac8 35. Rd1 Bc3 36. Kf3 Ra2 37. h4 Rc2 38. h5 Kg7 39.
Rb6 Bc4 40. Nxc4 Rxc4 41. Rxd3 gxh5 42. gxh5 Rh2 43. Kg4 Bf6 44. Rd1 Rxe4 45. Kf3 Ra4 46. Rg1+ Kh6 47. Rb3 Rh3+ 48. Kg4 Rh4+ 49. Kg3 Rxh5 50.
Rb8 Rxd5 51. f5+ Kh5 52. Rg8 Rxf5 53. Rc1 Bh4+ 54. Kg2 Ra2+ 55. Kh1 Bg5 56. Bxg5 Rxg5 57. Rh8 Kg6 58. Rg8+ Kh6 59. Rf8 Rf5 60. Rg1 Rh5# 0-1

[Event "GrandPrix_29.05"]
[Site "Chess.com"]
[Date "2020.05.29"]
[Round "1"]
[White "Khvicha_Supatashvili"]
[Black "francyIM"]
[Result "0-1"]
[WhiteElo "1768"]
[BlackElo "2383"]
[TimeControl "600+2"]
[EndTime "9:25:08 PDT"]
[Termination "francyIM won by resignation"]

1. d4 Nf6 2. c4 e6 3. Nf3 b6 4. g3 Ba6 5. b3 Bb4+ 6. Bd2 Be7 7.
Bg2 c6 8. Bc3 d5 9. Nbd2 Nbd7 10.
O-O O-O 11. Re1 c5 12. e4 dxc4 13. bxc4 cxd4 14. Nxd4 Ne5 15. Nxe6 fxe6 16. Bxe5 Bc5 17. Bf4 e5 18. Be3 Qc7 19. Bh3 Rad8 20. Be6+ Kh8 21. Bd5 Bc8 22. Bxc5 Qxc5 23. Nb3 Qe7 24. f3 Nh5 25.
Qe2 Qg5 26. Qe3 Qg6 27. Re2 Nf4 28. Rd2 Nh3+ 29. Kh1 Rd6 30. Rf1 Rdf6 31. Rg2 Qg5 32. Qxg5 Nxg5 33. f4 Bh3 34. f5 g6 35. g4 h5 36.
Rff2 hxg4 37. Rg1 gxf5 38. exf5 Rxf5 39. Re2 Nf3 40. Rc1 Nh4 41. Nd2 Rf2 42. Rce1 Rxe2 43. Rxe2 Rf5 44. Be6 Rg5 45. Ne4 Rg6 46. Bd5 Nf3 47.
Ng3 Rd6 48. a4 Rd8 49. Ne4 Rf8 50. Rf2 Rf4 51. Re2 Nd4 52. Re1 Nc2 53. Rc1 Ne3 54.
Ng3 Rd4 55. Be6 Rd2 56. Bf7 Kg7 57. Be6 Kf6 58. Bg8 Kg7 59. Be6 Bg2+ 60. Kg1 Bf3 61. Nf5+ Nxf5 0-1

[Event "GrandPrix_29.05"]
[Site "Chess.com"]
[Date "2020.05.29"]
[Round "1"]
[White "Valeriy_Neverov"]
[Black "DrVelja"]
[Result "1-0"]
[WhiteElo "1856"]
[BlackElo "2179"]
[TimeControl "600+2"]
[EndTime "9:25:08 PDT"]
[Termination "Valeriy_Neverov won by resignation"]

1. d4 Nf6 2. c4 g6 3. Nc3 Bg7 4. e4 d6 5. f3 O-O 6. Be3 c5 7.
Nge2 Qa5 8. Qd2 Nc6 9. d5 Ne5 10.
b3 e6 11. Rc1 exd5 12. cxd5 b5 13. Nf4 b4 14. Nd1 Ba6 15. Bxa6 Qxa6 16. Nf2 c4 17. bxc4 Nxc4 18. Qe2 Rfc8 19. O-O Nd7 20. Rc2 Nde5 21.
Rfc1 Qa3 22. N4d3 Nxd3 23. Qxd3 Bc3 24. Bd4 Bxd4 25. Qxd4 Nb6 26. Rxc8+ Rxc8 27. Rxc8+ Nxc8 28. Ng4 Qc3 29. Qxc3 bxc3 30. Ne3 f5 31. Kf2 Kf7 32. Ke2 fxe4 33. fxe4 Nb6 34. Kd3 Na4 35. Kc4 Kf6 36. Kb3 Nc5+ 37. Kxc3 Nxe4+ 38. Kd4 Nc5 39. Nc4 Ke7 40. g4 h6 41. h4 g5 42. h5 Nd7 43.
Ne3 Ne5 44. Nf5+ Kf6 45. Nxh6 a6 46. a4 a5 47. Ke4 Nc4 48. Nf5 Nb6 49. Nxd6 Nxa4 50.
Nc4 Nc3+ 51. Kd4 Ne2+ 52. Kc5 a4 53. d6 Nf4 54. Kc6 Ne6 55. d7 Ke7 56. h6 Kd8 57. h7 Nd4+ 58. Kd5 1-0

[Event "GrandPrix_29.05"]
[Site "Chess.com"]
[Date "2020.05.29"]
[Round "1"]
[White "LiamVrolijk"]
[Black "Koksik_13"]
[Result "1-0"]
[WhiteElo "2519"]
[BlackElo "2050"]
[TimeControl "600+2"]
[EndTime "9:25:14 PDT"]
[Termination "LiamVrolijk won on time"]

1. d4 e6 2. Nf3 Nf6 3. c4 d5 4. Nc3 a6 5. cxd5 exd5 6. Bg5 Be7 7. Qc2 c6 8. e3 O-O 9. Bd3 Nbd7 10. h3 Re8 11. O-O Nf8 12. Ne5 N6d7 13. Bf4 Nxe5 14. Bxe5 Ng6 15. Bh2 Bd6 16. Bxd6 Qxd6 17. Rae1 Bd7 18.
f3 c5 19. dxc5 Qxc5 20. Qf2 b5 21. e4 Qxf2+ 22. Kxf2 d4 23. Ne2 Be6 24. b3 Ne5 25.
Rd1 Rad8 26. f4 Nc6 27. e5 Nb4 28. Rd2 f6 29. exf6 gxf6 30. Rfd1 Nxa2 31. Rxa2 Bxb3 32.
Rdd2 Bxa2 33. Rxa2 Re3 34. Bf5 b4 35. Nxd4 Ra3 36.
Be6+ Kh8 37. Rxa3 bxa3 38. Ke3 f5 39. g4 Kg7 40. Nc2 Kf6 41. gxf5 Rd1 42. Nxa3 Rh1 43. Nc4 Rxh3+ 44. Kd4 Rh1 45. Nd2 Rd1 46. Ke3 h5 47.
Ne4+ Ke7 48. Bb3 Rb1 49. f6+ Kf8 50. Be6 a5 51. Ng5 Re1+ 52. Kd4 Rxe6 53. Nxe6+ Kf7 54. Ke5 a4 55. Ng5+ Kf8 56. Ke6 a3 57. Nh7+ Kg8 58.
f7+ Kxh7 59. f8=Q a2 60. Qa3 1-0

[Event "GrandPrix_29.05"]
[Site "Chess.com"]
[Date "2020.05.29"]
[Round "1"]
[White "Kezin_Roman"]
[Black "SuperFineHipster"]
[Result "1-0"]
[WhiteElo "2553"]
[BlackElo "2105"]
[TimeControl "600+2"]
[EndTime "9:25:23 PDT"]
[Termination "Kezin_Roman won by resignation"]

1. d4 Nf6 2. c4 e6 3. g3 Bb4+ 4. Bd2 Qe7 5. Nf3 Nc6 6. Nc3 O-O 7. Bg2 d6 8. O-O Bxc3 9. Bxc3 Ne4 10. Rc1 e5 11. d5 Nxc3 12. Rxc3 Nb8 13. e4 a5 14. Nd2 g6 15. f4 Nd7 16. f5 f6 17. h4 Rf7 18. fxg6 hxg6 19. Bh3 Nf8 20. Bxc8 Rxc8 21. Rcf3 Nd7 22. R3f2 Rg7 23. Kg2 Rf8 24. b3 c6 25. Qe2 Rff7 26. a3 Qf8 27. Qd3 Nc5 28. Qc2 Qd8 29. b4 axb4 30. axb4 Nd7 31. Qd3 Qb6 32. Qc3 Qd8 33. Nb3 f5 34. dxc6 bxc6 35. Qd3 Nf6 36. exf5 Ng4 37. Rf3 gxf5 38. Rxf5 Rxf5 39.
Rxf5 Qb6 40. Rf3 Qxb4 41. Qf5 Qb8 42. Nd2 Qe8 43. Ne4 d5 44. cxd5 cxd5 45. Ng5 Nh6 46.
Qf6 e4 47. Rb3 Ng4 48. Qf5 Nh6 49. Qxd5+ Kh8 50. Qxe4 Qxe4+ 51. Nxe4 Nf5 52. Kh3 Kh7 53. g4 Nd4 54. Rb6 Nf3 55. Kg3 Ne5 56. Ng5+ Kh8 57. Rb8+ Rg8 58. Rxg8+ Kxg8 59. h5 Kg7 60. Nf3 Nf7 61.
g5 Nd6 62. Kg4 Ne4 63. Kf4 Nc5 64. Nd4 Nd3+ 65. Kf5 Nc5 66. Ne6+ 1-0